 Dungeon Crawl Stone Soup version 0.26-a0-778-g3fe0686644 (webtiles) character file.

Game seed: 9052412833111831731

36 reriks the Shield-Bearer (level 3, -2/34 HPs)
             Began as a Deep Dwarf Fighter on Nov 11, 2020.
             Killed from afar by Sigmund (6 damage)
             ... with a puff of flame
             ... on level 2 of the Dungeon.
             The game lasted 00:00:58 (860 turns).

reriks the Shield-Bearer (Deep Dwarf Fighter)        Turns: 860, Time: 00:00:59

Health: -2/34      AC:  6    Str: 20    XL:     3   Next: 19%
Magic:  12/12 (3)  EV:  8    Int:  8    God:
Gold:   156        SH:  9    Dex: 12    Spells: 2/2 levels left

rFire    . . .     SeeInvis .   a - +0 war axe
rCold    . . .     Faith    .   c - +0 kite shield
rNeg     . . .     Spirit   .   b - +0 scale mail
rPois    .         Reflect  .   (no helmet)
rElec    .         Harm     .   (no cloak)
rCorr    .         Rampage  .   (no gloves)
MR       .....                  (no boots)
Stlth    ..........             (no amulet)
HPRegen  0.00/turn              g - ring of magical power
MPRegen  0.13/turn              (no ring)

@: non-regenerating
A: damage resistance, heal wounds, sense surroundings 1, no regeneration
a: Heal Wounds


You were on level 2 of the Dungeon.
You visited 1 branch of the dungeon, and saw 2 of its levels.

You collected 156 gold pieces.

Inventory:

Hand Weapons
 a - a +0 war axe (weapon)
Armour
 b - a +0 scale mail (worn)
 c - a +0 kite shield (worn)
Jewellery
 g - a ring of magical power (left hand)
Scrolls
 f - 2 scrolls of teleportation {unknown}
 l - a scroll of remove curse {unknown}
 m - a scroll of enchant weapon {unknown}
Potions
 d - 3 potions of might
 e - a potion of heal wounds {unknown}
 h - a potion of lignification {unknown}
 i - 2 potions of flight {unknown}
 j - 2 potions of degeneration {unknown}
 k - 2 potions of curing {unknown}


   Skills:
 + Level 3.0 Fighting
 + Level 2.6 Axes
 + Level 3.6 Armour
 + Level 1.1 Dodging
 + Level 3.6 Shields


You had 2 spell levels left.
You didn't know any spells.
Your spell library was empty.

Dungeon Overview and Level Annotations

Branches:
Dungeon (2/15)

Altars:
Ru

Annotations:
D:2 Sigmund


Innate Abilities, Weirdness & Mutations

You are resistant to damage.
You can heal yourself by infusing magical energy.
You passively map a small area around you.
You do not regenerate.


Message History

A magic dart appears from out of thin air!
The magic dart hits you.
* * * LOW HITPOINT WARNING * * *
You're too confused!
You're too confused to move!
You feel less confused. Something hits you but does no damage.
You hear some strange, mumbled words.
Something tries to affect you, but you resist.
Something hits you.
* * * LOW HITPOINT WARNING * * *
Something freezes you.
Sigmund appears from thin air!
Reactivating autopickup.
Sigmund hits you from afar with a +2 scythe of freezing.
* * * LOW HITPOINT WARNING * * *
Sigmund freezes you. Sigmund gestures at you while chanting.
The puff of flame hits you!
You die...

#.#####.# ###.### #.#
###.....# #.# .##.....#
#.# ..#.....# #.#######
........###.......#
#.............###.######
##............##?.......
#............##@.#***
#................#
##..####..........#
.##.# #..........@# * *
.##.# #...........# *
.##..##...........#
.###.##.#######...# *
........ ......>.# * ,
.....# #.###.#.# ,


You could see Sigmund.

Vanquished Creatures
  A worm (D:2)
  2 dart slugs
  A leopard gecko (D:1)
  2 goblins
  5 hobgoblins
  4 jackals (D:2)
  2 quokkas (D:2)
  3 bats (D:1)
  2 frilled lizards
  A kobold (D:2)
  2 rats (D:1)
25 creatures vanquished.

Notes
Turn   | Place    | Note
-------+----------+-------------------------------------------
     0 | D:1      | reriks the Deep Dwarf Fighter began the quest for the Orb.
     0 | D:1      | Reached XP level 1. HP: 20/20 MP: 1/1
   242 | D:1      | Reached XP level 2. HP: 27/27 MP: 2/2
   649 | D:2      | Reached skill level 1 in Dodging
   668 | D:2      | Reached XP level 3. HP: 29/33 MP: 3/3
   739 | D:2      | Found a sacrificial altar of Ru.
   812 | D:2      | Noticed Sigmund
   860 | D:2      | Killed from afar by Sigmund

Illustrated notes

Levels and vault maps discovered:
D:1:      minmay_arrival_semitransparent, layout_rooms, grunt_decor_arrowhead
D:2:      layout_basic, lemuel_doored_altar, uniq_sigmund

Skill      XL: |  1  2  3 |
---------------+----------+-----
Dodging        | 1 |  1.1
Fighting       | 3 |  3.0
Axes           | |  2.6
Armour         | |  3.6
Shields        | |  3.6

Action                   || total
-------------------------++-------
Melee: War axe           ||    86
 Abil: Heal Wounds       ||     5
Armor: Scale mail        ||    44
Dodge: Dodged            ||    25
Block: Kite shield       ||    43

Table legend: (Time is in decaauts)
 A = Elapsed time spent in this place.
 B = Non-inter-level travel time spent in this place.
 C = Inter-level travel time spent in this place.
 D = Time resting spent in this place.
 E = Time spent auto-exploring this place.
 F = Levels seen in this place.
 G = Mean time per level.
                   A        B        C        D        E       F      G
               +--------+--------+--------+--------+--------+-----+--------+
         Total |    898 |    895 |      3 |      0 |    676 |   2 |  449.0 |
       Dungeon |    898 |    895 |      3 |      0 |    676 |   2 |  449.0 |
               +--------+--------+--------+--------+--------+-----+--------+

Top non-repeatable levels by time:
     D:2: 475 daAuts
     D:1: 423 daAuts
